 Dungeon Crawl Stone Soup version 0.31.0-11-ge490571c62 (webtiles) character file.

Game seed: 15802981842880157578

291 MollyMolluskus the Ruffian (level 6, 0/43 HPs)
             Began as an Octopode Fighter on Jan 30, 2024.
             Slain by a bullfrog (3 damage)
             ... in a sewer.
             The game lasted 00:08:30 (2102 turns).

MollyMolluskus the Ruffian (Octopode Fighter)       Turns: 2102, Time: 00:08:30

Health: 0/43       AC:  1    Str: 17    XL:     6   Next: 32%
Magic:  6/6        EV: 13    Int: 11    God:
Gold:   99         SH:  4    Dex: 11    Spells: 5/5 levels left

rFire   . .          .
                       - Unarmed
rCold   . . .        a - +0 buckler
rNeg    . . .        (helmet restricted)
rPois   .            (no amulet)
rElec   .            (no ring)
rCorr   .            (no ring)
SInv    .            (no ring)
Will    .....        (no ring)
Stlth   ++++         (no ring)
HPRegen 0.27/turn    (no ring)
MPRegen 0.10/turn    (no ring)
                     (no ring)

%: no passive effects
@: mighty, lethally poisoned (0 -> -4)
A: almost no armour, amphibious, 8 rings, camouflage 1, gelatinous body 1,
nimble swimmer 1, tentacles
a: no special abilities


You were in a sewer.
You visited 1 branch of the dungeon, and saw 3 of its levels.
You also visited: Sewer.

You collected 99 gold pieces.

Inventory:

Missiles
 c - 44 stones (quivered)
 f - 6 poisoned darts
Armour
 a - a +0 buckler (worn)
Jewellery
 d - a ring of fire
Talismans
 m - a beast talisman
Scrolls
 h - a scroll of fog
Potions
 b - 2 potions of might
 e - a potion of cancellation
 g - 2 potions of invisibility
 i - 2 potions of curing
 j - a potion of mutation {unknown}
 k - a potion of experience {unknown}
 l - a potion of heal wounds {unknown}


   Skills:
 + Level 3.8 Fighting
 + Level 3.9 Dodging
 + Level 3.1 Stealth
 + Level 3.8 Shields
 * Level 4.1 Unarmed Combat


You had 5 spell levels left.
You didn't know any spells.
Your spell library was empty.

Dungeon Overview and Level Annotations

Branches:
Dungeon (3/15)              Sewer (1/1)

Altars:


Innate Abilities, Weirdness & Mutations

You cannot wear most types of armour.
You are amphibious.
You can wear up to eight rings at the same time.
Your skin changes colour to match your surroundings (Stealth+).
Your rubbery body absorbs attacks. (AC +1, EV +1)
You are camouflaged when in or above water. (Stealth+)
You have tentacles for arms and can constrict up to eight enemies at once.


Message History

You squeeze the bullfrog!
The bullfrog is severely wounded.
The adder misses you. The bullfrog hits you. The ball python bites you.
The ball python constricts you. The bullfrog hits you.
The ball python closely misses you. The adder bites you.
You are poisoned.
The adder poisons you!
You feel very mighty all of a sudden.
You feel sick.
The bullfrog hits you. x2; The ball python closely misses you.
The ball python constricts you. The ball python barely misses you.
The bullfrog hits you.
* * * LOW HITPOINT WARNING * * *
You block the adder's attack. You block the bullfrog's attack.
Unknown command.
It was a potion of curing.
You feel better. The ball python bites you. The ball python constricts you.
You block the bullfrog's attack. The ball python bites you.
* * * LOW HITPOINT WARNING * * *
The bullfrog closely misses you.
Unknown command.
You bludgeon the bullfrog!
You kill the bullfrog!
The bullfrog hits you.
* * * LOW HITPOINT WARNING * * *
The ball python bites you.
* * * LOW HITPOINT WARNING * * *
The adder completely misses you. The ball python loses its grip on you.
The bullfrog closely misses you.
Your Stealth skill increases to level 3!
Your Unarmed Combat skill increases to level 4!
You bludgeon the bullfrog! You grab the bullfrog.
The bullfrog is severely wounded.
You constrict the bullfrog. The ball python misses you. x2
The ball python bites you.
* * * LOW HITPOINT WARNING * * *
The ball python barely misses you. The adder bites you.
* * * LOW HITPOINT WARNING * * *
You are lethally poisoned!
The adder poisons you! The bullfrog hits you.
You die...

...## ..## ...+ ...# ...##
....####################+#
.....#~≈≈≈≈≈≈≈≈≈≈≈≈~~....##
#....~≈~~≈≈≈≈≈≈≈SF≈~≈~....#
#.....~~†~≈≈~≈≈~@S~~≈~....#
#....†≈≈~~~~#~≈#SS~~~.....#
##...~~≈≈~~≈~..~≈≈~≈≈.....#
###.#≈≈≈≈≈~~~~~~≈≈≈≈#...##
#######################


You could see a bullfrog, an adder and 3 ball pythons.

Vanquished Creatures
  An ogre (D:3)
  A bullfrog (Sewer)
  2 adders
  4 river rats (Sewer)
  3 dart slugs (D:2)
  2 ribbon worms (D:3)
  2 orcs (D:3)
  3 endoplasms
  2 giant cockroaches
  3 goblins
  5 hobgoblins
  3 jackals (D:2)
  6 kobolds
  A quokka (D:1)
  16 ball pythons
  7 bats
  2 frilled lizards
  18 rats
81 creatures vanquished.

Notes
Turn   | Place    | Note
-------+----------+-------------------------------------------
     0 | D:1      | MollyMolluskus the Octopode Fighter began the quest for the
                  | Orb.
     0 | D:1      | Reached XP level 1. HP: 16/16 MP: 1/1
   204 | D:1      | Reached XP level 2. HP: 21/21 MP: 2/2
   614 | D:1      | Found a faded altar of an unknown god.
   689 | D:1      | Reached skill level 1 in Stealth
   860 | D:2      | Reached XP level 3. HP: 24/26 MP: 3/3
  1517 | D:3      | Noticed an ogre
  1521 | D:3      | Reached XP level 4. HP: 31/31 MP: 4/4
  1529 | D:3      | Killed an ogre
  1530 | D:3      | Reached skill level 3 in Unarmed Combat
  1530 | D:3      | Reached XP level 5. HP: 10/36 MP: 5/5
  1791 | D:3      | Found a glowing drain.
  1812 | Sewer    | Entered a sewer
  2056 | Sewer    | Reached XP level 6. HP: 43/43 MP: 6/6
  2102 | Sewer    | Reached skill level 4 in Unarmed Combat
  2102 | Sewer    | Slain by a bullfrog

Illustrated notes

Levels and vault maps discovered:
D:1:      dpeg_arrival_rhombi, layout_basic,
          shapermc_ecumenical_altar_mp_highgroup
D:2:      layout_basic
D:3:      layout_loops_corners, cheibrodos_sewer_entry_bend, serial_glass,
          glass_columns_a, glass_columns_a, glass_columns_c, glass_columns_c,
          uniq_grinder
Sewer:    sewer_minmay_w

Skill      XL: |  1  2  3  4  5  6 |
---------------+-------------------+-----
Stealth        | 1 2 3 |  3.1
Unarmed Combat | 3 4 |  4.1
Fighting       | |  3.8
Dodging        | |  3.9
Shields        | |  3.8

Action                     |  1- 3 |  4- 6 || total
---------------------------+-------+-------++-------
  Melee: Unarmed           |    85 |    85 ||   170
         Constrict         |    21 |    17 ||    38
         Tentacles         |    15 |    16 ||    31
         Punch             |       |     2 ||     2
    Use: Scroll            |     5 |       ||     5
         Potion            |       |     2 ||     2
   Stab: Sleeping          |     8 |     1 ||     9
 Armour: Skin              |    30 |    35 ||    65
  Dodge: Dodged            |    33 |    55 ||    88
  Block: Buckler           |    20 |    13 ||    33
